 Dungeon Crawl Stone Soup version 0.27-a0-695-gb4952372f7 (webtiles) character file.

Game seed: 7657922453170015617

227093 rageheart7 the Fencer (level 20, -8/145 HPs)
             Began as a Halfling Fighter on Mar 21, 2021.
             Was the Champion of Okawaru.
             Mangled by a deep elf sorcerer
             ... wielding the +8 rapier "Urogoig" {drain, Int+4}
              (12 damage)
             ... on level 3 of the Elven Halls on Mar 22, 2021.
             The game lasted 02:20:33 (43729 turns).

rageheart7 the Fencer (Halfling Fighter)           Turns: 43729, Time: 02:20:33

Health: -8/145     AC: 23    Str: 23    XL:     20   Next: 15%
Magic:  27/27      EV: 17    Int:  6    God:    Okawaru [******]
Gold:   1138       SH:  0    Dex: 21    Spells: 19/19 levels left

rFire    . . .     SeeInvis .   a - +9 sword of Zonguldrok {reap}
rCold    + . .     Faith    .   (shield currently unavailable)
rNeg     + + +     Spirit   .   A - +3 plate armour {Will+}
rPois    .         Reflect  .   g - +2 hat {Will+}
rElec    .         Harm     .   n - +2 cloak {Will+}
rCorr    .         Rampage  +   H - +0 pair of gloves "Cafetorph" {rN+ Dex+4}
Will     ++++.                  V - +2 pair of boots {rampage}
Stlth    ++........             E - amulet of regeneration
HPRegen  1.34/turn              z - ring of Tuygrev {rC+ rN++}
MPRegen  0.20/turn              X - +4 ring of protection

@: marked, corroded
A: small, no large weapons, mutation resistance 1
}: 1/15 runes: decaying
a: Renounce Religion, Heroism, Finesse


You were on level 3 of the Elven Halls.
You worshipped Okawaru.
Okawaru was exalted by your worship.
You visited 6 branches of the dungeon, and saw 31 of its levels.
You also visited: Desolation.

You collected 3041 gold pieces.
You spent 1903 gold pieces at shops.

Inventory:

Hand Weapons
 a - the +9 sword of Zonguldrok (weapon) {reap}
   (You found it on level 12 of the Dungeon)

   If a monster killed with it leaves a corpse in good enough shape, the corpse
   is reanimated as a zombie friendly to the killer.
 b - a +5 fustibalus of freezing
 m - a +1 rapier of electrocution
 u - the +8 great sword of Omuwar {drain, +Fly rElec Str+4 Dex-5}
   (You took it off an orc sorcerer on level 3 of the Elven Halls)

   A truly terrible weapon, it drains the life of those it strikes.
   It affects your strength (+4).
   It affects your dexterity (-5).
   It insulates you from electricity.
   It lets you fly.
 y - a +2 quick blade of pain
Missiles
 o - 722 stones
 q - 222 sling bullets
Armour
 c - a scarf of resistance
 g - a +2 hat of willpower (worn)
 n - a +2 cloak of willpower (worn)
 p - the +3 scale mail "Deew" {rC+ rN+ rCorr}
   (You found it on level 1 of the Elven Halls)

   It protects you from cold.
   It protects you from negative energy.
   It provides partial protection from all sources of acid and corrosion.
 t - a +2 cloak of poison resistance
 w - the +1 chain mail "Aqeb" {rCorr Str+4}
   (Okawaru gifted it to you on level 3 of the Elven Halls)

   It affects your strength (+4).
   It provides partial protection from all sources of acid and corrosion.
 A - a +3 plate armour of willpower (worn)
 H - the +0 pair of gloves "Cafetorph" (worn) {rN+ Dex+4}
   (You took it off Nikola on level 1 of the Swamp)

   It affects your dexterity (+4).
   It protects you from negative energy.
 S - +2 ice dragon scales
 V - a +2 pair of boots of rampaging (worn)
Jewellery
 i - a +6 ring of dexterity
 j - an amulet of reflection
 r - a ring of positive energy
 z - the ring of Tuygrev (right hand) {rC+ rN++}
   (You bought it in a shop on level 2 of the Orcish Mines)

   [ring of protection from cold]

   It protects you from cold.
   It greatly protects you from negative energy.
 E - an amulet of regeneration (around neck)
 M - a ring of protection from fire
 X - a +4 ring of protection (left hand)
Wands
 d - a wand of flame (49)
 e - a wand of iceblast (78)
 v - a wand of mindburst (30)
 F - a wand of digging (12)
Scrolls
 f - 3 scrolls of magic mapping
 h - 31 scrolls of identify
 l - a scroll of holy word
 P - a scroll of enchant armour
 Y - 4 scrolls of enchant weapon
Potions
 k - 3 potions of brilliance
 s - a potion of flight
 B - a potion of invisibility
 I - a potion of ambrosia
 J - 2 potions of attraction
 N - a potion of berserk rage
 O - 2 potions of magic
 R - a potion of cancellation
Miscellaneous
 x - a phantom mirror
 C - a lightning rod (1/4)
 L - a phial of floods (inert)
 T - a tin of tremorstones (inert) (quivered)


   Skills:
 - Level 15.1 Fighting
 - Level 7.9(14.4) Short Blades
 - Level 16.0(16.4) Long Blades
 - Level 14.1 Slings
 * Level 15.7 Armour
 * Level 11.9 Dodging
 - Level 15.8 Stealth
 - Level 6.4 Shields
 * Level 10.0 Invocations
 - Level 0.8 Evocations


You had 19 spell levels left.
You didn't know any spells.
Your spell library contained the following spells:

 Spells                   Type           Power      Damage    Failure   Level
 Animate Skeleton         Necr           0%         N/A       99%         1
 Apportation              Tloc           0%         N/A       99%         1
 Beastly Appendage        Tmut           0%         N/A       99%         1
 Corona                   Hex            0%         N/A       99%         1
 Magic Dart               Conj           0%         1d3       99%         1
 Sandblast                Erth           0%         2d4       99%         1
 Shock                    Conj/Air       0%         1d3       99%         1
 Summon Small Mammal      Summ           0%         N/A       99%         1
 Blink                    Tloc           N/A        N/A       99%         2
 Call Imp                 Summ           0%         N/A       99%         2
 Ensorcelled Hibernation  Hex/Ice        0%         N/A       99%         2
 Passwall                 Tmut/Erth      0%         N/A       99%         2
 Poisonous Vapours        Pois/Air       0%         N/A       99%         2
 Slow                     Hex            0%         N/A       99%         2
 Swiftness                Air            0%         N/A       99%         2
 Wereblood                Tmut           0%         N/A       99%         2
 Confusing Touch          Hex            0%         N/A       100%        3
 Conjure Flame            Conj/Fire      0%         6-21      100%        3
 Dazzling Flash           Conj/Hex       0%         N/A       100%        3
 Lesser Beckoning         Tloc           0%         N/A       100%        3
 Mephitic Cloud           Conj/Pois/Air  0%         N/A       100%        3
 Spider Form              Tmut/Pois      0%         N/A       100%        3
 Static Discharge         Conj/Air       0%         N/A       100%        3
 Stone Arrow              Conj/Erth      0%         3d7       100%        3
 Summon Guardian Golem    Hex/Summ       0%         N/A       100%        3
 Tukima's Dance           Hex            0%         N/A       100%        3
 Airstrike                Air            0%         N/A       100%        4
 Animate Dead             Necr           0%         N/A       100%        4
 Cause Fear               Hex            0%         N/A       100%        4
 Ice Form                 Ice/Tmut       0%         N/A       100%        4
 Petrify                  Tmut/Erth      0%         N/A       100%        4
 Alistair's Intoxication  Tmut/Pois      0%         N/A       100%        5
 Blade Hands              Tmut           0%         N/A       100%        5
 Borgnjor's Vile Clutch   Necr/Erth      0%         N/A       100%        5
 Irradiate                Conj/Tmut      0%         3d13      100%        5
 Lee's Rapid Deconstruct  Erth           0%         3d5*      100%        5
 Lightning Bolt           Conj/Air       0%         1d11      100%        5
 Silence                  Hex/Air        0%         N/A       100%        5
 Yara's Violent Unravell  Hex/Tmut       0%         3d3       100%        5
 Death Channel            Necr           0%         N/A       100%        6
 Freezing Cloud           Conj/Ice/Air   0%         6-21      100%        6
 Hydra Form               Tmut           0%         N/A       100%        6
 Invisibility             Hex            0%         N/A       100%        6
 Shadow Creatures         Summ           N/A        N/A       100%        6
 Simulacrum               Ice/Necr       0%         N/A       100%        6
 Statue Form              Tmut/Erth      0%         N/A       100%        6
 Dragon Form              Tmut           0%         N/A       100%        7
 Discord                  Hex            0%         N/A       100%        8


Dungeon Overview and Level Annotations

Branches:
Dungeon (15/15)            Temple (1/1) D:5            Lair (6/6) D:10
  Swamp (4/4) Lair:4        Snake (0/4) Lair:3        Slime (0/5) Lair:5
    Orc (2/2) D:10            Elf (3/3) Orc:2        Vaults (0/5) D:13
 Depths (0/5) D:15        Desolation (visited)

Altars:
Ashenzari
Cheibriados
Dithmenos
Elyvilon
Fedhas
Gozag
Hepliaklqana
Kikubaaqudgha
Makhleb
Nemelex Xobeh
Okawaru
Qazlal
Ru
Sif Muna
Trog
Uskayaw
Vehumet
Wu Jian
Xom
Yredelemnul
Zin
The Shining One
Beogh
Jiyva

Shops:
D:4 :   Orc:2 ((=?   Elf:1 *   Elf:2 *   Elf:3 :


Innate Abilities, Weirdness & Mutations

You are small and have problems with some larger weapons.
You are somewhat resistant to further mutation.


Message History

The lost soul sets off the alarm!
The alarm trap emits a blaring wail!
A sentinel's mark forms upon you.
The deep elf death mage beckons forth a restless soul!
You hear a shout!
You slice the deep elf sorcerer!!
The deep elf sorcerer is severely wounded.
The deep elf sorcerer completely misses you.
You riposte.
The deep elf sorcerer blocks your attack.
The deep elf sorcerer is severely wounded.
The deep elf sorcerer blocks your attack.
The deep elf sorcerer is severely wounded.
The deep elf sorcerer closely misses you.
You riposte.
You slash the deep elf sorcerer!
The deep elf sorcerer is almost dead.
The deep elf sorcerer blocks your attack.
The deep elf sorcerer is almost dead.
The deep elf sorcerer gestures at you while chanting.
The bolt of acid hits you!!
* * * LOW HITPOINT WARNING * * *
The acid corrodes you!
You are splashed with acid!
* * * LOW HITPOINT WARNING * * *
The deep elf sorcerer blocks your attack.
The deep elf sorcerer is almost dead.
The deep elf sorcerer points at you and mumbles some strange words.
The bolt of acid hits you but does no damage.
The acid corrodes you!
You are splashed with acid!
* * * LOW HITPOINT WARNING * * *
Unknown command.
The deep elf sorcerer blocks your attack.
The deep elf sorcerer is almost dead.
The deep elf sorcerer hits you with the +8 rapier "Urogoig" {drain, Int+4}!
* * * LOW HITPOINT WARNING * * *
Unknown command.
Okay, then.
The deep elf sorcerer blocks your attack.
The deep elf sorcerer is almost dead.
The deep elf sorcerer hits you with the +8 rapier "Urogoig" {drain, Int+4}!
You die...

....# #).# .#### #[.#
..## ##))# #..##
########)..# ....##
##........)####
###..####.............###
##.....|)..)))........#
#####..)).####.#######
#...####.e@....#
#####..*(.........#
.....e#.(.#.....
......*.........
..####.....####. #
#######


You could see a deep elf death mage, a deep elf sorcerer (fast) and 2 lost
souls.

Vanquished Creatures
  Nikola (Swamp:1)
  A bone dragon (D:12)
  5 deep elf blademasters
  2 deep elf master archers (Elf:3)
  Gastronok (Lair:2)
  2 thorn hunters (Swamp:4)
  2 fenstrider witches
  Donald (Elf:2)
  5 deep elf sorcerers (Elf:3)
  An orc warlord (Orc:1)
  An imperial myrmidon (Desolation)
  2 ghouls (Swamp:3)
  5 deep elf elementalists (Elf:3)
  5 deep elf demonologists
  6 deep elf annihilators (Elf:3)
  2 halazid warlocks (Desolation)
  5 bunyips
  A dire elephant (Lair:6)
  5 eleionomae
  A fire dragon (D:15)
  An ice dragon (D:15)
  4 vault guards (D:13)
  21 hydras
  Fannar (Lair:2)
  5 boulder beetles
  2 ghost crabs
  A centaur warrior (D:13)
  A merfolk avatar (Lair:6)
  A queen ant (Lair:2)
  20 dancing weapons
  10 alligators
  4 death yaks
  A death knight (D:15)
  5 two-headed ogres
  Urug (Lair:2)
  4 orc high priests
  12 deep elf knights
  Sonja (D:11)
  5 skeletal warriors (D:10)
  4 goliath frogs
  2 unseen horrors
  10 swamp dragons
  Pikel (D:7)
  7 bog bodies
  4 spriggan druids
  8 deep elf archers
  3 ironbound convokers (Desolation)
  2 wolf spider zombies (D:12)
  2 harpies (Lair:6)
  5 orc knights
  5 ugly things (D:14)
  26 deep elf pyromancers
  4 oklob plants
  A manticore (D:13)
  25 deep elf zephyrmancers
  A faun (shapeshifter) (Elf:2)
  6 orc sorcerers
  A cyclops (D:14)
  7 will-o-the-wisps
  10 centaur zombies
  13 elephants
  3 black mambas
  2 guardian serpents (Desolation)
  10 cane toads
  11 komodo dragons
  A yaktaur (shapeshifter) (Elf:3)
  8 rime drakes
  A harpy zombie (D:10)
  5 trolls
  3 wind drakes (Lair:6)
  A bloated husk (Swamp:1)
  A harpy skeleton (D:15)
  10 polar bears
  A meliai (shapeshifter) (D:11)
  8 saltlings
  11 tyrant leeches
  9 hornets
  5 dream sheep (Lair:6)
  4 slime creatures
  4 blink frogs
  A meliai zombie (D:12)
  A centaur simulacrum (D:14)
  A shadow (D:15)
  2 wraiths
  5 spriggans
  3 air elementals
  35 yaks
  A vampire (D:12)
  5 wyverns
  2 water elementals
  2 fire elementals (Elf:2)
  A basilisk (Lair:5)
  7 vampire mosquitoes (D:13)
  Edmund (D:5)
  12 swamp worms
  3 wargs (Orc:1)
  3 nagas (Lair:3)
  20 soldier ants (Lair:2)
  A soldier ant (shapeshifter) (Elf:1)
  10 swamp drakes
  11 water moccasins
  6 ice beasts
  35 orc warriors
  3 black bears
  2 sky beasts
  2 hornet zombies (D:12)
  12 ogres
  A lemure (D:7)
  14 wolves
  6 centaurs
  A phantom (D:8)
  4 kobold brigands
  19 bullfrogs
  An earth elemental (Elf:3)
  A gnoll sergeant (D:12)
  2 wyvern zombies
  2 scorpions
  2 wyvern skeletons
  9 wights
  14 killer bees
  2 howler monkeys
  A bullfrog zombie (D:13)
  4 hounds
  9 jellies
  A quasit (D:9)
  15 orc priests
  2 bullfrog skeletons
  12 centaur skeletons
  2 iguanas
  21 orc wizards
  28 worker ants
  A killer bee zombie (D:6)
  A howler monkey zombie (D:8)
  4 gnolls (D:12)
  18 adders
  A shadow imp (D:5)
  3 white imps
  3 ufetubi
  11 oozes
  An adder skeleton (D:8)
  An adder zombie (D:9)
  3 worms
  3 dart slugs
  4 leopard geckos
  84 orcs
  3 giant cockroaches
  6 hobgoblins
  9 jackals
  4 quokkas
  3 ball pythons
  17 bats
  6 frilled lizards
  11 goblins
  26 kobolds
  2 leopard gecko skeletons (D:4)
  9 rats
993 creatures vanquished.

Vanquished Creatures (collateral kills)
  A thorn hunter (Swamp:3)
  A hydra (Swamp:4)
  2 alligators (Swamp:3)
  A spriggan druid (Swamp:4)
  2 swamp worms (Swamp:3)
  An orc warrior (Orc:2)
  An orc priest (Orc:2)
  4 orcs
13 creatures vanquished.

Vanquished Creatures (others)
  A hydra (Swamp:4)
  A goliath frog (Swamp:4)
  A deep elf pyromancer (Elf:2)
  2 bloated husks (Swamp:3)
  An orc wizard (Orc:1)
  16 foxfires
  33 fungi
  97 plants
152 creatures vanquished.

Grand Total: 1158 creatures vanquished

Notes
Turn   | Place    | Note
-------+----------+-------------------------------------------
     0 | D:1      | rageheart7 the Halfling Fighter began the quest for the
                  | Orb.
     0 | D:1      | Reached XP level 1. HP: 15/15 MP: 1/1
    78 | D:1      | Reached XP level 2. HP: 14/21 MP: 2/2
   307 | D:1      | Reached XP level 3. HP: 21/26 MP: 3/3
  1247 | D:2      | Reached XP level 4. HP: 32/32 MP: 4/4
  1401 | D:2      | Reached skill level 1 in Slings
  1524 | D:2      | Reached XP level 5. HP: 37/37 MP: 5/5
  1916 | D:3      | Found a sacrificial altar of Ru.
  2080 | D:3      | Reached XP level 6. HP: 12/43 MP: 6/6
  3024 | D:4      | Reached skill level 5 in Short Blades
  3762 | D:4      | Found Namaer Kese's Book Shoppe.
  3947 | D:5      | Entered Level 5 of the Dungeon
  3963 | D:5      | Reached XP level 7. HP: 31/49 MP: 7/7
  4108 | D:5      | Noticed Edmund
  4119 | D:5      | Killed Edmund
  4120 | D:5      | Reached skill level 5 in Slings
  4774 | D:5      | Reached skill level 5 in Fighting
  5283 | D:5      | Found a staircase to the Ecumenical Temple.
  5487 | D:5      | Reached XP level 8. HP: 48/55 MP: 8/8
  5552 | Temple   | Entered the Ecumenical Temple
  5700 | Temple   | Became a worshipper of Warmaster Okawaru
  6195 | D:6      | Reached * piety under Okawaru
  6469 | D:6      | Reached skill level 1 in Long Blades
  6627 | D:6      | Reached XP level 9. HP: 63/63 MP: 9/9
  6694 | D:6      | Reached skill level 2 in Long Blades
  6767 | D:6      | Reached skill level 3 in Long Blades
  6848 | D:6      | Found an iron altar of Okawaru.
  7103 | D:6      | Reached skill level 4 in Long Blades
  7144 | D:6      | Identified a scroll of acquirement
  7144 | D:6      | Acquired the +6 hunting sling "Mud Pie of Death" {venom,
                  | Str+3 Dex+2}
  7197 | D:7      | Noticed Pikel
  7205 | D:7      | Killed Pikel
  7205 | D:7      | Reached ** piety under Okawaru
  7206 | D:7      | Reached skill level 5 in Long Blades
  7879 | D:7      | Found a shimmering blue altar of Sif Muna.
  7964 | D:8      | Reached skill level 6 in Long Blades
  8204 | D:8      | Noticed a troll
  8214 | D:8      | Killed a troll
  8214 | D:8      | Reached *** piety under Okawaru
  8215 | D:8      | Reached skill level 7 in Long Blades
  8215 | D:8      | Reached XP level 10. HP: 52/72 MP: 10/10
  9177 | D:9      | Reached skill level 8 in Long Blades
  9669 | D:9      | Noticed a five-headed hydra
  9689 | D:9      | HP: 1/73 [five-headed hydra (5)]
  9691 | D:9      | Killed a five-headed hydra
 10109 | D:10     | Entered Level 10 of the Dungeon
 10155 | D:10     | Reached skill level 9 in Long Blades
 10449 | D:10     | Noticed a komodo dragon
 10463 | D:10     | Killed a komodo dragon
 10463 | D:10     | Reached **** piety under Okawaru
 10669 | D:10     | Found a staircase to the Lair.
 10734 | D:10     | Reached XP level 11. HP: 80/80 MP: 11/11
 11060 | D:10     | Killed an unseen horror
 11061 | D:10     | Reached skill level 10 in Fighting
 11511 | D:10     | Received a gift from Okawaru
 11536 | D:10     | Reached skill level 10 in Long Blades
 11663 | D:10     | Found a staircase to the Orcish Mines.
 12076 | D:11     | Reached ***** piety under Okawaru
 12594 | D:11     | Received a gift from Okawaru
 12600 | D:11     | Noticed a two-headed ogre
 12916 | D:10     | Killed a two-headed ogre
 13198 | D:11     | Noticed a boulder beetle
 13208 | D:11     | Killed a boulder beetle
 13400 | D:11     | Noticed Sonja
 13404 | D:11     | Noticed a skeletal warrior
 13405 | D:11     | Noticed a skeletal warrior
 13410 | D:11     | Noticed a skeletal warrior
 13579 | Lair:1   | Entered Level 1 of the Lair of Beasts
 13819 | Lair:1   | Reached XP level 12. HP: 71/90 MP: 12/12
 14083 | Lair:1   | Noticed a six-headed hydra
 14234 | Lair:2   | Noticed Gastronok
 14249 | Lair:2   | Reached skill level 5 in Armour
 14253 | Lair:2   | Reached skill level 11 in Long Blades
 14278 | Lair:2   | Killed Gastronok
 14278 | Lair:2   | Received a gift from Okawaru
 14627 | Lair:2   | Noticed a queen ant
 14645 | Lair:2   | Killed a queen ant
 14668 | Lair:2   | Reached skill level 12 in Long Blades
 14912 | Lair:2   | Received a gift from Okawaru
 15027 | Lair:2   | Noticed Urug
 15044 | Lair:2   | Killed Urug
 15481 | Lair:2   | Identified the +1 robe "Aluot" {rN+ Int+4 Dex-3}
 15981 | Lair:2   | Noticed Fannar
 15998 | Lair:2   | Killed Fannar
 15999 | Lair:2   | Reached skill level 10 in Slings
 15999 | Lair:2   | Reached XP level 13. HP: 61/95 MP: 13/13
 16609 | Lair:1   | Killed a six-headed hydra
 16610 | Lair:1   | Reached skill level 1 in Dodging
 16878 | Lair:1   | Received a gift from Okawaru
 17652 | Lair:3   | Found a bloodstained altar of Trog.
 17728 | Lair:3   | Received a gift from Okawaru
 17853 | Lair:3   | Noticed an eight-headed hydra
 17861 | Lair:3   | Killed an eight-headed hydra
 17993 | Lair:3   | Reached ****** piety under Okawaru
 18008 | Lair:3   | Received a gift from Okawaru
 18013 | Lair:3   | Found a staircase to the Snake Pit.
 18977 | Lair:4   | Received a gift from Okawaru
 19109 | Lair:4   | Found a staircase to the Swamp.
 19185 | Lair:4   | Reached skill level 13 in Long Blades
 19541 | Lair:4   | Acquired a +1 pair of boots of rampaging
 19549 | Lair:4   | Acquired a manual of Stealth
 19592 | Lair:5   | Noticed a seven-headed hydra
 19599 | Lair:5   | Killed a seven-headed hydra
 19600 | Lair:5   | Reached skill level 1 in Stealth
 19630 | Lair:5   | Noticed a boulder beetle
 19639 | Lair:5   | Killed a boulder beetle
 20063 | Lair:5   | Noticed a four-headed hydra
 20209 | Lair:5   | Reached skill level 5 in Stealth
 20373 | Lair:5   | Reached XP level 14. HP: 85/101 MP: 14/14
 20767 | Lair:5   | Found a viscous altar of Jiyva.
 20768 | Lair:5   | Found a staircase to the Slime Pits.
 21665 | Lair:6   | Entered Level 6 of the Lair of Beasts
 21718 | Lair:5   | Reached skill level 10 in Armour
 21783 | Lair:6   | Reached skill level 10 in Stealth
 22388 | Lair:6   | Reached skill level 5 in Dodging
 22402 | Lair:6   | Received a gift from Okawaru
 23343 | Lair:6   | Noticed a dire elephant
 23363 | Lair:6   | Killed a dire elephant
 23363 | Lair:6   | Received a gift from Okawaru
 23751 | Lair:6   | Reached XP level 15. HP: 73/107 MP: 15/15
 24251 | Lair:6   | Received a gift from Okawaru
 25547 | D:11     | Received a gift from Okawaru
 25595 | D:11     | Killed Sonja
 27151 | D:12     | Noticed a bone dragon
 27152 | D:12     | Found the +9 sword of Zonguldrok {reap}
 27547 | D:13     | Reached skill level 15 in Stealth
 27909 | D:13     | Found a gate to the Vaults.
 27925 | D:13     | Received a gift from Okawaru
 29417 | D:14     | Reached skill level 1 in Invocations
 29503 | D:14     | Found an ancient bone altar of Kikubaaqudgha.
 29558 | D:14     | Reached skill level 5 in Shields
 29558 | D:14     | Reached XP level 16. HP: 112/112 MP: 15/17
 30012 | D:15     | Entered Level 15 of the Dungeon
 30939 | D:15     | Found a staircase to the Depths.
 32384 | D:12     | Reached skill level 10 in Dodging
 32436 | D:12     | Killed a bone dragon
 32636 | Orc:1    | Entered Level 1 of the Orcish Mines
 32790 | Orc:1    | Found a burning altar of Makhleb.
 32802 | Orc:1    | Was placed under penance by Okawaru
 33176 | Orc:2    | Entered Level 2 of the Orcish Mines
 33503 | Orc:2    | Was forgiven by Okawaru
 33740 | Orc:2    | Found a staircase to the Elven Halls.
 33910 | Orc:2    | Received a gift from Okawaru
 33938 | Orc:2    | Reached skill level 14 in Long Blades
 34144 | Orc:2    | Found Asoureeb's Antique Weapon Emporium.
 34144 | Orc:2    | Found Qamonos's Magic Scroll Shop.
 34146 | Orc:2    | Found Zowuyqap's Antique Weapon Emporium.
 34146 | Orc:2    | Found Bonunor's Jewellery Shop.
 34155 | Orc:2    | Bought the ring of Tuygrev {rC+ rN++} for 425 gold pieces
 34155 | Orc:2    | Bought an amulet of regeneration for 300 gold pieces
 34157 | Orc:2    | Bought a scroll of fear for 42 gold pieces
 34157 | Orc:2    | Bought a scroll of blinking for 90 gold pieces
 34157 | Orc:2    | Bought a scroll of teleportation for 36 gold pieces
 34157 | Orc:2    | Bought a scroll of fear for 42 gold pieces
 34157 | Orc:2    | Bought a scroll of fear for 42 gold pieces
 34157 | Orc:2    | Bought a scroll of teleportation for 36 gold pieces
 35034 | Elf:1    | Entered Level 1 of the Elven Halls
 35053 | Elf:1    | Identified the +1 hand axe "Junn" {distort, rC+ Str+2 SInv
                  | Stlth-}
 35187 | Elf:1    | Reached skill level 5 in Invocations
 35428 | Swamp:1  | Entered Level 1 of the Swamp
 35492 | Swamp:1  | Identified the +0 pair of gloves "Cafetorph" {rN+ Dex+4}
 35492 | Swamp:1  | Noticed Nikola
 35535 | Swamp:1  | Killed Nikola
 35544 | Swamp:1  | Reached XP level 17. HP: 64/119 MP: 16/20
 35704 | Swamp:1  | Received a gift from Okawaru
 35941 | Swamp:1  | Received a gift from Okawaru
 36011 | Swamp:1  | Identified the +9 flail of Egomania {vamp, rN+}
 37586 | Swamp:3  | Noticed a thorn hunter
 37596 | Swamp:3  | Killed a thorn hunter
 37624 | Swamp:3  | Reached skill level 15 in Long Blades
 38468 | Swamp:4  | Entered Level 4 of the Swamp
 38632 | Swamp:4  | Received a gift from Okawaru
 38682 | Swamp:4  | Identified the +3 ring mail of rageheart7's Integrity
                  | {*Corrode *Slow Int+8 Dex+2} (Okawaru gifted it to you on
                  | level 4 of the Swamp)
 38682 | Swamp:4  | Received a gift from Okawaru
 39006 | Swamp:4  | Reached XP level 18. HP: 130/130 MP: 18/23
 39288 | Swamp:4  | Got a decaying rune of Zot
 39323 | Swamp:4  | Reached skill level 16 in Long Blades
 39331 | Swamp:4  | Received a gift from Okawaru
 40541 | Elf:1    | Identified the +3 broad axe of the Protecting Asp {freeze,
                  | Str+3} (Okawaru gifted it to you on level 1 of the Elven
                  | Halls)
 40541 | Elf:1    | Received a gift from Okawaru
 40640 | Elf:1    | Identified the Grimoire of Companions
 40663 | Elf:1    | Identified the +3 scale mail "Deew" {rC+ rN+ rCorr}
 40798 | Elf:1    | Found Zoly's General Store.
 40804 | Elf:1    | Bought a +2 cloak of poison resistance for 314 gold pieces
 40963 | Elf:2    | Found Kidas's Assorted Antiques.
 40986 | Elf:2    | Found a ruined gateway.
 41032 | Elf:2    | Reached skill level 15 in Fighting
 41051 | Elf:2    | Noticed Donald
 41066 | Elf:2    | Killed Donald
 41138 | Desolati | Entered the Desolation of Salt
 41590 | Elf:2    | Reached XP level 19. HP: 138/139 MP: 25/25
 41633 | Elf:2    | Received a gift from Okawaru
 41707 | Elf:2    | Bought a scroll of enchant weapon for 240 gold pieces
 41707 | Elf:2    | Bought a scroll of enchant weapon for 240 gold pieces
 41707 | Elf:2    | Bought a potion of curing for 96 gold pieces
 41729 | Elf:2    | Identified the +1 chain mail "Teunof" {rElec}
 41926 | Elf:2    | Found a runed translucent gate.
 41929 | Elf:2    | Found a runed translucent gate.
 41933 | Elf:2    | Found a runed translucent gate.
 41954 | Elf:2    | Received a gift from Okawaru
 42003 | Elf:2    | Noticed a deep elf blademaster
 42021 | Elf:2    | Killed a deep elf blademaster
 42152 | Elf:2    | Received a gift from Okawaru
 42601 | Elf:3    | Entered Level 3 of the Elven Halls
 42901 | Elf:3    | Identified the +8 great sword of Omuwar {drain, +Fly rElec
                  | Str+4 Dex-5}
 42919 | Elf:3    | Noticed a deep elf blademaster
 42941 | Elf:3    | Killed a deep elf blademaster
 43008 | Elf:3    | Noticed a deep elf blademaster
 43013 | Elf:3    | Noticed a deep elf blademaster
 43050 | Elf:3    | Killed a deep elf blademaster
 43062 | Elf:3    | Killed a deep elf blademaster
 43062 | Elf:3    | Identified the +8 spear "Weezxep" {vorpal, rPois Will-
                  | Int+3}
 43063 | Elf:3    | Reached skill level 15 in Armour
 43150 | Elf:3    | Identified the +1 chain mail "Aqeb" {rCorr Str+4} (Okawaru
                  | gifted it to you on level 3 of the Elven Halls)
 43150 | Elf:3    | Received a gift from Okawaru
 43184 | Elf:3    | Reached XP level 20. HP: 82/145 MP: 25/27
 43204 | Elf:3    | Identified the +7 plate armour "Doehes" {Harm Regen+}
 43392 | Elf:3    | Found Meb Weuph's Book Boutique.
 43636 | Elf:3    | Reached skill level 10 in Invocations
 43710 | Elf:3    | Identified the +8 rapier "Urogoig" {drain, Int+4}
 43728 | Elf:3    | HP: 3/145 [deep elf sorcerer/the +8 rapier "Urogoig"
                  | {drain, Int+4} (12)]
 43729 | Elf:3    | Mangled by a deep elf sorcerer

Illustrated notes

Levels and vault maps discovered:
D:1:      psy_arrival_whirlpool, layout_basic, supply_closet_lemuel,
          minmay_octomino_c4
D:2:      wad_lake_hut, layout_rooms
D:3:      layout_rooms, lemuel_doored_altar
D:4:      layout_loops_ring, serial_shops, shop
D:5:      layout_gridville, minmay_temple_entry_statues_pillars, uniq_edmund
D:6:      layout_loops_cross, okawaru_gym_becter
D:7:      layout_loops_cross, lemuel_blue_sif_altar, uniq_pikel
D:8:      layout_loops_corners
D:9:      layout_roguey, hangedman_decor_push
D:10:     layout_loops_ring, david_lair_shrubbed, david_orc_1_choice,
          st_stairs_2, lemuel_flamethrower_2
D:11:     layout_big_octagon, uniq_sonja
D:12:     layout_irregular_city, minivault_5, minmay_guarded_unrand_zonguldrok
D:13:     layout_basic, lightli_vaults_fourway_checkpoint, grunt_decor_cap
D:14:     layout_roguey, nicolae_kikubaaqudgha_miasma_corner
D:15:     grunt_enter_depths_hoard, layout_basic, nicolae_twisting_strands
Temple:   compressed_dpeg_circular_temple
Lair:1:   lemuel_slime, layout_cellular_growth, grunt_megastairs_2
Lair:2:   layout_cave_pods, roderic_batcave, minivault_29, uniq_fannar,
          uniq_urug, uniq_gastronok
Lair:3:   layout_cave_pods, minmay_snake_entry_guardpost_small, basic_altar
Lair:4:   layout_regular_city, minmay_swamp_entry_worms
Lair:5:   layout_cave_pods, dpeg_slime_entry_enclosed_altar,
          minmay_lair_oklob_chamber
Lair:6:   gammafunk_lair_ancient_temple, layout_cave_pods
Swamp:1:  layout_falls_marsh, nicolae_swamp_little_tower, swamp_pool3,
          nicolae_swamp_alligator_family, uniq_nikola
Swamp:2:  layout_falls_marsh, serial_swamp_ruin, evilmike_swamp_ruin_house_4,
          evilmike_swamp_ruin_house_5, swamp_pool4
Swamp:3:  layout_falls_marsh, evilmike_swamp_ruin_house_1,
          nicolae_swamp_oklob_treasure_island, infiniplex_staircase_pool
Swamp:4:  swamp, layout_basic_swamp, swamp_pool3
Orc:1:    layout_diamond_mine, amcnicky_altar_gilded
Orc:2:    grunt_orc_tribal_feast, layout_caves, basic_altar
Elf:1:    layout_gridlike, serial_shops, nicolae_shop_trees,
          minmay_elf_demonology
Elf:2:    layout_geoelf_octagon, serial_shops, nicolae_shop_overgrown_old_shop,
          portal_desolation_entry_nicolae_slug, uniq_donald
Elf:3:    minmay_elf_hall_furrowed, layout_rooms, serial_shops, shop,
          st_stairs_12, nrook_loot_triangle, drop_trap

Skill      XL: |  1  2  3  4  5  6  7  8  9 10 11 12 13 14 15 16 17 18 19 20 |
---------------+-------------------------------------------------------------+-----
Fighting       | 3 4 5 6 8 9 11 12 13 15 | 15.1
Short Blades   | 3 4 5 6 7 |  7.9
Slings         | 1 3 4 5 6 10 12 14 | 14.1
Long Blades    | 1 7 9 10 12 13 14 15 16 | 16.0
Armour         | 4 7 9 10 11 12 15 | 15.7
Dodging        | 3 7 9 10 11 | 11.9
Stealth        | 6 14 15 | 15.8
Shields        | 5 6 |  6.4
Invocations    | 1 5 6 8 9 10 | 10.0
Evocations     | |  0.8

Action                   |  1- 3 |  4- 6 |  7- 9 | 10-12 | 13-15 | 16-18 | 19-21 || total
-------------------------+-------+-------+-------+-------+-------+-------+-------++-------
Melee: Rapier            |    50 |       |       |       |       |       |       ||    50
       Short sword       |    29 |   159 |   109 |       |       |       |       ||   297
       Falchion          |       |       |    86 |   322 |   137 |       |       ||   545
       Long sword        |       |       |    18 |       |       |       |       ||    18
       Double sword      |       |       |       |       |       |   477 |   325 ||   802
 Fire: Hunting sling     |    13 |   118 |   117 |   406 |   810 |       |       ||  1464
       Fustibalus        |       |       |       |       |   517 |  1010 |   175 ||  1702
Invok: Heroism           |       |       |       |     3 |     3 |    12 |     7 ||    25
       Finesse           |       |       |       |       |       |     5 |     4 ||     9
Evoke: Wand              |       |       |     4 |       |     8 |    27 |     1 ||    40
       Phial of floods   |       |       |       |       |       |     2 |     2 ||     4
       Tin of tremorston |       |       |       |       |       |     1 |     3 ||     4
       Lightning rod     |       |       |       |       |       |       |     8 ||     8
  Use: Potion            |       |     5 |     2 |    10 |     1 |    20 |     7 ||    45
       Scroll            |       |     7 |     5 |    10 |    12 |    14 |     5 ||    53
 Stab: Sleeping          |       |       |       |       |       |     6 |     1 ||     7
       Distracted        |       |       |       |       |       |     1 |       ||     1
Armor: Ring mail         |    24 |    20 |       |       |       |       |       ||    44
       Skin              |       |    34 |       |    48 |     3 |       |       ||    85
       Scale mail        |       |       |    63 |   132 |    16 |       |       ||   211
       Ice dragon scales |       |       |       |       |   177 |    90 |       ||   267
       Plate armour      |       |       |       |       |       |   369 |   160 ||   529
Dodge: Dodged            |    36 |    60 |    83 |   174 |   374 |   696 |   193 ||  1616
Block: Buckler           |    18 |    23 |    56 |   162 |   179 |    24 |       ||   462
       Rpst.: Falchion   |       |       |    15 |    35 |     8 |       |       ||    58
       Long sword        |       |       |     3 |       |       |       |       ||     3
       Double sword      |       |       |       |       |       |   120 |    34 ||   154

Table legend: (Time is in decaauts)
 A = Elapsed time spent in this place.
 B = Non-inter-level travel time spent in this place.
 C = Inter-level travel time spent in this place.
 D = Time resting spent in this place.
 E = Time spent auto-exploring this place.
 F = Levels seen in this place.
 G = Mean time per level.
                   A        B        C        D        E       F      G
               +--------+--------+--------+--------+--------+-----+--------+
         Total |  42709 |  39463 |   3246 |   8831 |  23047 |  32 | 1334.7 |
       Dungeon |  20194 |  18595 |   1599 |   4564 |  11000 |  15 | 1346.3 |
        Temple |    179 |     98 |     81 |      0 |     92 |   1 |  179.0 |
          Lair |  11826 |  10782 |   1044 |   2614 |   6368 |   6 | 1971.0 |
         Swamp |   4533 |   4357 |    176 |    271 |   2971 |   4 | 1133.2 |
  Orcish Mines |   2523 |   2262 |    261 |    780 |   1092 |   2 | 1261.5 |
   Elven Halls |   3361 |   3277 |     84 |    601 |   1517 |   3 | 1120.3 |
    Desolation |     91 |     91 |      0 |      0 |      6 |   1 |   91.0 |
               +--------+--------+--------+--------+--------+-----+--------+

Top non-repeatable levels by time:
    D:10: 4204 daAuts
  Lair:5: 3027 daAuts
  Lair:2: 2330 daAuts
  Lair:6: 2137 daAuts
    D:12: 1853 daAuts
  Lair:1: 1765 daAuts
     D:5: 1594 daAuts
    D:13: 1587 daAuts
  Lair:4: 1467 daAuts
 Swamp:3: 1425 daAuts
   Elf:2: 1390 daAuts
     D:6: 1384 daAuts
   Orc:2: 1358 daAuts
     D:4: 1253 daAuts
 Swamp:4: 1244 daAuts
